 Dungeon Crawl Stone Soup version 0.24-a0-201-gf205589 (webtiles) character file.

Game seed: 6054051748612493196

39 Ijustatesigmund the Magician (level 3, -8/24 HPs)
             Began as an Octopode Wizard on Mar 19, 2019.
             Mangled by a hippogriff (10 damage)
             ... on level 2 of the Dungeon.
             The game lasted 00:03:56 (2374 turns).

Ijustatesigmund the Magician (Octopode Wizard)      Turns: 2374, Time: 00:03:57

Health: -8/24      AC:  2    Str:  6    XL:     3   Next: 45%
Magic:  1/7        EV: 13    Int: 20    God:
Gold:   109        SH:  0    Dex: 11    Spells: 2/8 levels left

rFire    . . .     SeeInvis .   k - +1 spear (vamp)
rCold    . . .     Gourm    .   (no shield)
rNeg     . . .     Faith    .   a - +1 hat
rPois    .         Spirit   .   l - amulet of rage
rElec    .         Reflect  .   (no ring)
rCorr    .         Harm     .   (no ring)
MR       .....                  (no ring)
Stlth    +++.......             (no ring)
HPRegen  0.08/turn              (no ring)
MPRegen  0.10/turn              (no ring)
                                (no ring)
                                (no ring)

@: flying
A: almost no armour, stealthy swim, amphibious, 8 rings, constrict 8, camouflage
1, gelatinous body 1
a: Evoke Berserk Rage


You were on level 2 of the Dungeon.
You were not hungry.

You visited 1 branch of the dungeon, and saw 2 of its levels.

You collected 109 gold pieces.

Inventory:

Hand Weapons
 f - a +0 broad axe
 h - a cursed +0 dagger
 k - a +1 vampiric spear (weapon)
Armour
 a - a +1 hat (worn)
Jewellery
 l - an amulet of rage (around mantle)
Wands
 i - a wand of disintegration (13)
Scrolls
 d - a scroll of teleportation
 j - a scroll of remove curse
Potions
 b - a potion of might
 e - a potion of heal wounds {unknown}
 g - a potion of flight
 m - 2 potions of curing {unknown}
Comestibles
 c - a ration


   Skills:
 + Level 1.8 Fighting
 - Level 2.0 Dodging
 - Level 2.6 Stealth
 - Level 3.0 Spellcasting
 + Level 2.1 Conjurations
   Level 1.0 Summonings
 + Level 1.5 Translocations


You had 2 spell levels left.
You knew the following spells:

 Your Spells              Type           Power        Failure   Level  Hunger
a - Magic Dart            Conj           ##..         6%          1    None
b - Blink                 Tloc           N/A          12%         2    ##.....
c - Conjure Flame         Conj/Fire      #.......     26%         3    ###....

Your spell library contained the following spells:

 Spells                   Type           Power        Failure   Level  Hunger
 Call Imp                 Summ           #.......     14%         2    ##.....
 Slow                     Hex            #.......     22%         2    ##.....
 Mephitic Cloud           Conj/Pois/Air  #.......     32%         3    ###....


Dungeon Overview and Level Annotations

Branches:
Dungeon (2/15)

Altars:


Innate Abilities, Weirdness & Mutations

You cannot wear most types of armour.
You are very stealthy in the water. (Stealth+)
You are amphibious.
You can wear up to eight rings at the same time.
You can use your tentacles to constrict eight enemies at once.
Your skin changes colour to match your surroundings (Stealth+).
Your rubbery body absorbs attacks. (AC +1, EV +1)


Message History

The hippogriff misses you. The hippogriff barely misses you.
The hippogriff misses you.
You hit the hippogriff.
You feel better.
You squeeze the hippogriff.
The hippogriff is heavily wounded.
The hippogriff closely misses you. The hippogriff pecks you.
The hippogriff closely misses you.
You hit the hippogriff but do no damage.
The hippogriff is heavily wounded.
The hippogriff bites you! The hippogriff pecks you.
The hippogriff claws you but does no damage.
The hippogriff closely misses you. x2; The hippogriff misses you.
You hit the hippogriff but do no damage.
The hippogriff is heavily wounded.
The hippogriff bites you!
* * * LOW HITPOINT WARNING * * *
The hippogriff misses you. The hippogriff closely misses you.
It was a potion of flight.
You feel very buoyant.
You fly up into the air.
The hippogriff bites you!
You die...

. ...##
......##################
......H@................
$.######################


You could see a hippogriff.

Vanquished Creatures
  A dart slug (D:1)
  2 leopard geckos (D:1)
  4 giant cockroaches
  3 goblins (D:1)
  2 hobgoblins
  7 jackals (D:1)
  3 kobolds
  A ball python (D:2)
  3 bats (D:1)
  A frilled lizard (D:1)
  5 rats
32 creatures vanquished.

Notes
Turn   | Place    | Note
-------+----------+-------------------------------------------
     0 | D:1      | Ijustatesigmund the Octopode Wizard began the quest for the
                  | Orb.
     0 | D:1      | Reached XP level 1. HP: 11/11 MP: 4/4
   686 | D:1      | Reached skill level 1 in Fighting
   686 | D:1      | Reached XP level 2. HP: 18/18 MP: 0/6
   953 | D:1      | Learned a level 2 spell: Blink
  1463 | D:1      | Reached XP level 3. HP: 19/23 MP: 1/7
  1523 | D:1      | Learned a level 3 spell: Conjure Flame
  2363 | D:2      | Noticed a hippogriff
  2374 | D:2      | Mangled by a hippogriff

Levels and vault maps discovered:
D:1:      roderic_crop_circles_arrival_small, layout_loops_ring
D:2:      layout_loops_ring

Skill      XL: |  1  2 |
---------------+-------+-----
Fighting       | 1 |  1.8
Conjurations   | 2 |  2.1
Dodging        | |  2.0
Stealth        | |  2.6
Spellcasting   | |  3.0
Summonings     | |  1.0
Translocations | |  1.5

Action                   || total
-------------------------++-------
Melee: Mace              ||    21
       Constrict         ||     8
       Tentacles         ||     4
       Spear             ||     9
       Broad axe         ||     1
 Cast: Magic Dart        ||    64
  Use: Scroll            ||     7
       Potion            ||     1
 Stab: Sleeping          ||     2
  Eat: Chunk             ||     4
       Ration            ||     2
Armor: Skin              ||     5
Dodge: Dodged            ||    25

Table legend:
 A = Non-vault XP
 B = Vault XP
 C = Vault XP percentage of total XP
 D = Non-vault monster count
 E = Vault monster count
 F = Vault count percentage of total count
                 A         B        C        D         E       F
            +---------+---------+-------+---------+---------+-------
      Total |      56 |       0 |   0.0 |      32 |       0 |   0.0
            +---------+---------+-------+---------+---------+-------
        D:1 |      46 |       0 |   0.0 |      25 |       0 |   0.0
        D:2 |      10 |       0 |   0.0 |       7 |       0 |   0.0
            +---------+---------+-------+---------+---------+-------
